 Dungeon Crawl Stone Soup version 0.29.1-1-gd02db6906a (webtiles) character file.

Game seed: 14077186707451889852

2 Icepheonix32 the Caller (level 1, -1/13 HPs)
             Began as a Merfolk Summoner on Oct 10, 2022.
             Slain by a kobold
             ... wielding a +0 short sword
              (3 damage)
             ... on level 1 of the Dungeon.
             The game lasted 00:00:22 (70 turns).

Icepheonix32 the Caller (Merfolk Summoner)            Turns: 70, Time: 00:00:23

Health: -1/13      AC:  2    Str:  8    XL:     1   Next: 40%
Magic:  1/3        EV: 12    Int: 14    God:
Gold:   0          SH:  0    Dex: 14    Spells: 3/4 levels left

rFire   . . .      SeeInvis .   (no weapon)
rCold   . . .      Faith    .   (no shield)
rNeg    . . .      Spirit   .   a - +0 robe
rPois   .          Reflect  .   (no helmet)
rElec   .          Harm     .   (no cloak)
rCorr   .          Rampage  .   (no gloves)
Will    .....                   (no boots)
Stlth   ++........              (no amulet)
HPRegen 0.04/turn               (no ring)
MPRegen 0.08/turn               (no ring)

@: no status effects
A: (nimble swimmer 2), mertail
a: no special abilities


You were on level 1 of the Dungeon.
You visited 1 branch of the dungeon, and saw 1 of its levels.

Inventory:

Armour
 a - a +0 robe (worn)
Potions
 b - a potion of magic
 c - a potion of berserk rage {unknown}


   Skills:
 - Level 2.6 Dodging
 - Level 2.1 Stealth
 - Level 2.0 Spellcasting
 + Level 4.1 Summonings


You had 3 spell levels left.
You knew the following spells:

 Your Spells              Type           Power      Damage    Failure   Level
a - Summon Small Mammal   Summ           52%        N/A       4%          1

Your spell library contained the following spells:

 Spells                   Type           Power      Damage    Failure   Level
 Call Imp                 Summ           13%        N/A       7%          2
 Call Canine Familiar     Summ           13%        N/A       13%         3
 Summon Guardian Golem    Hex/Summ       7%         N/A       30%         3
 Summon Lightning Spire   Summ/Air       7%         N/A       71%         4


Dungeon Overview and Level Annotations

Branches:
Dungeon (1/15)

Altars:


Innate Abilities, Weirdness & Mutations

((You are very nimble when in or above water. (Stealth+, EV+, Speed+++)))
Your lower body shifts to a powerful aquatic tail in water.


Message History

Your rat dies!
Your rat's corpse disappears in a puff of smoke!
Unknown command.
Your bat closely misses the goblin.
The kobold throws a stone.
The stone misses you.
Your bat hits the kobold but does no damage. x2
The kobold throws a stone.
The stone hits you.
Casting: Summon Small Mammal (safe; 4% risk of failure)
Confirm with . or Enter, or press ? or * to list all spells.
Your bat hits the goblin but does no damage.
The goblin closely misses you. The kobold attacks as you move away!
The kobold hits you with a +0 short sword.
* * * LOW HITPOINT WARNING * * *
Your bat barely misses the goblin.
Your rat bites the kobold but does no damage.
Unknown command.
You closely miss the kobold.
Your bat hits the goblin but does no damage.
Something closely misses your rat. The kobold hits you but does no damage.
Your rat barely misses the kobold.
Your bat hits the goblin.
The goblin hits your bat with a +0 club.
Unknown command.
You hit the kobold but do no damage. Your bat hits the goblin.
Your rat bites the kobold but does no damage.
Something hits your rat.
Your rat dies!
Your rat's corpse disappears in a puff of smoke!
The kobold barely misses you.
Unknown command.
You hit the kobold but do no damage.
Your bat closely misses the goblin.
The kobold hits you with a +0 short sword.
* * * LOW HITPOINT WARNING * * *
Unknown command.
You hit the kobold but do no damage.
Your bat hits the goblin but does no damage.
Unknown command.
You closely miss the kobold. Your bat hits the goblin.
The kobold hits you with a +0 short sword.
You die...

...#...........# ##
..#..... ....# (.?
...... .... .?# ....
#.. .. #..
###.#.#####
#.#####.K........
#....##..†....###
###.##.K#.......#
###...###@K...$......
#...### ###..>gb..###
#.### #..?....# # #.#
#.......# ## ###.#
#####.### ≈# #...#
... ≈## ##.### ##
≈≈###..# ≈≈##..##


You could see a goblin (distracted, ally target), 2 kobolds and a friendly bat
(summoned).

Vanquished Creatures
  A frilled lizard (D:1)
  A rat (D:1)
2 creatures vanquished.

Vanquished Creatures (collateral kills)
  A hobgoblin (D:1)
1 creature vanquished.

Grand Total: 3 creatures vanquished

Notes
Turn   | Place    | Note
-------+----------+-------------------------------------------
     0 | D:1      | Icepheonix32 the Merfolk Summoner began the quest for the
                  | Orb.
     0 | D:1      | Reached XP level 1. HP: 13/13 MP: 3/3
    70 | D:1      | Slain by a kobold

Illustrated notes

Levels and vault maps discovered:
D:1:      lightli_molten_gateway, layout_basic, minmay_pentomino_o4

Action                   || total
-------------------------++-------
Melee: Unarmed           ||    12
 Cast: Summon Small Mamm ||     4
 Stab: Sleeping          ||     1
Armor: Robe              ||     3
Dodge: Dodged            ||     5
